Map: Catalyst LE

Players

Solar - Winner!

  • Race: Zerg Zerg
  • League: Master
  • Spawn Location: 11:00

Elazer

  • Race: Zerg Zerg
  • Spawn Location: 5:00

Event: Memes & Dreams Invitational

VOD

Have the link to the VOD?

Description

Time

  • Played on: April 15, 2018, 3:53 a.m.
  • Length: 7:46

All games in this series

Show
View Real Time Build Order
Export as new Build Order

Solar Zerg - Winner!

Build Orders: Hatch First 

Get SALT Encoding   

  12  0:01  Drone  
  13  0:13  Overlord  
  13  0:17  Drone  
  14  0:32  Drone x2  
  16  0:36  Drone  
  17  0:53  Hatchery  
  17  0:54  Drone  
  17  0:58  Drone  
  17  1:03  Extractor  
  17  1:13  Spawning Pool  
  17  1:16  Drone  
  17  1:19  Drone  
  18  1:29  Drone  
  19  1:42  Overlord  
  19  1:52  Drone  
  20  2:00  Queen  
  22  2:04  Queen  
  22  2:05  Drone x2  
  22  2:07  Metabolic Boost  
  26  2:13  Drone  
  27  2:15  Zergling x2  
  28  2:32  Hatchery  
  28  2:34  Drone  
  28  2:36  Drone  
  29  2:41  Zergling x4  
  31  2:45  Overlord  
  31  2:55  Zergling x4  
  33  3:09  Zergling x10  
  33  3:12  Zergling x2  
  39  3:13  Zergling x2  
  39  3:14  Zergling x4  
  42  3:20  Baneling Nest  
  42  3:21  Drone  
  42  3:24  Overlord  
  42  3:29  Drone  
  43  3:36  Drone  
  43  3:44  Drone x4  
  43  3:46  Drone x3  
  50  3:55  Drone x2  
  49  3:56  Drone  
  49  3:58  Drone x2  
  50  4:06  Zergling x4  
  50  4:08  Baneling  
  50  4:09  Baneling, Overlord  
  52  4:13  Queen  
  52  4:16  Drone  
  55  4:18  Drone  
  55  4:20  Drone  
  55  4:22  Drone  
  55  4:24  Baneling x2  
  58  4:25  Overlord  
  58  4:28  Drone  
  58  4:29  Drone  
  58  4:31  Drone x2  
  60  4:33  Zergling x2  
  60  4:35  Drone  
  60  4:38  Drone  
  61  4:39  Zergling x2  
  61  4:40  Zergling x2  
  61  4:45  Roach Warren  
  60  4:48  Extractor, Zergling x6  
  60  4:50  Extractor  
  60  4:52  Zergling x2  
  62  4:53  Zergling x2  
  62  4:56  Zergling x2  
  62  4:58  Baneling x2, Zergling x6  
  67  5:04  Zergling x2  
  67  5:06  Zergling x4  
  69  5:10  Overlord  
  69  5:16  Zergling x2  
  69  5:20  Zergling x4  
  67  5:21  Zergling x2  
  67  5:24  Zergling x2  
  67  5:26  Zergling x2  
  67  5:29  Overlord  
  67  5:33  Roach x4  
  75  5:37  Roach  
  75  5:42  Roach x2  
  80  5:44  Overlord x2  
  80  5:45  Overlord  
  79  5:50  Roach x2  
  79  5:53  Overlord  
  79  5:56  Overlord  
  82  5:59  Overlord  
  79  6:04  Roach x3  
  79  6:07  Roach  
  79  6:09  Roach  
  87  6:12  Zergling x6  
  87  6:16  Zergling x4  
  87  6:17  Zergling x2  
  93  6:19  Zergling x2  
  93  6:21  Baneling x2  
  93  6:23  Zergling x4  
  96  6:29  Zergling x2  
  96  6:30  Zergling x2  
  96  6:36  Roach  
  93  6:41  Baneling, Lair  
  93  6:42  Zergling x2  
  93  6:43  Zergling x4  
  93  6:44  Baneling  
  93  6:45  Baneling  
  94  6:47  Zergling x8  
  94  6:50  Zergling x2  
  94  6:51  Zergling x2  
  94  6:53  Ravager  
  94  6:54  Zergling x2  
  99  6:55  Zergling x2  
  99  6:59  Zergling x2  
  99  7:00  Zergling x4  
  100  7:04  Zergling x6  
  100  7:05  Zergling x2  
  100  7:07  Ravager  
  95  7:12  Evolution Chamber  
  95  7:13  Drone, Ravager x2  
  95  7:15  Drone  
  92  7:16  Ravager  
  92  7:17  Drone  
  92  7:19  Drone x2  
  92  7:20  Drone  
  92  7:21  Drone  
  95  7:23  Drone x2  
  95  7:26  Drone  
  95  7:27  Drone  
  95  7:29  Drone  
  94  7:30  Ravager  
  94  7:31  Drone  
Show
View Real Time Build Order
Export as new Build Order

Elazer Zerg 

Build Orders: Hatch First, Zergling Baneling 

Get SALT Encoding   

  12  0:00  Drone  
  13  0:12  Overlord  
  13  0:16  Drone  
  14  0:30  Drone x2  
  16  0:49  Hatchery  
  15  0:51  Drone  
  15  0:54  Drone  
  17  0:58  Drone  
  18  1:08  Extractor  
  17  1:13  Spawning Pool  
  17  1:16  Drone  
  17  1:20  Drone  
  18  1:27  Drone  
  19  1:38  Drone  
  20  1:49  Overlord  
  20  2:00  Queen x2  
  25  2:01  Zergling x2  
  25  2:02  Drone  
  25  2:08  Metabolic Boost  
  26  2:11  Drone  
  26  2:12  Drone  
  28  2:21  Drone  
  28  2:22  Drone  
  30  2:32  Drone  
  30  2:33  Drone  
  32  2:41  Hatchery  
  31  2:48  Overlord, Baneling Nest  
  30  2:52  Drone  
  30  2:54  Drone  
  32  3:01  Drone  
  33  3:08  Zergling x2  
  33  3:09  Queen  
  33  3:10  Drone  
  33  3:11  Overlord  
  37  3:18  Queen  
  39  3:21  Zergling x2  
  39  3:23  Zergling x2  
  39  3:24  Zergling x2  
  42  3:27  Zergling x2  
  42  3:29  Zergling x2  
  42  3:32  Baneling x2  
  43  3:36  Zergling x2  
  43  3:38  Zergling x2  
  43  3:42  Baneling x2  
  43  3:43  Zergling x6  
  46  3:50  Zergling x2  
  46  3:51  Zergling x4  
  46  3:54  Baneling  
  46  4:01  Drone x3  
  47  4:05  Baneling  
  47  4:06  Drone x3  
  50  4:17  Zergling x6  
  50  4:18  Queen  
  54  4:27  Drone, Overlord  
  54  4:28  Drone  
  54  4:30  Evolution Chamber  
  53  4:40  Drone x3  
  53  4:43  Drone x3  
  57  4:46  Drone  
  57  4:48  Overlord  
  57  4:49  Baneling  
  57  4:50  Baneling, Extractor  
  57  4:55  Drone x3  
  57  4:56  Baneling x2  
  60  5:00  Zergling x2  
  60  5:01  Zergling x8  
  60  5:06  Zerg Missile Weapons Level 1  
  65  5:12  Drone x7  
  67  5:30  Drone x4, Lair  
  67  5:32  Extractor  
  67  5:34  Drone x3, Roach Warren  
  72  5:38  Baneling x2  
  72  5:43  Overlord  
  72  5:50  Zergling x4  
  72  5:51  Overlord  
  72  5:52  Drone  
  72  6:02  Extractor  
  70  6:06  Zergling x2  
  70  6:07  Zergling x12  
  70  6:09  Queen  
  70  6:11  Zergling x8  
  76  6:14  Zergling x6  
  74  6:26  Roach x5  
  79  6:39  Roach x4  
  84  6:44  Queen, Roach x2  
  84  6:45  Queen  
  88  6:47  Queen  
  88  6:53  Spine Crawler  
  85  6:57  Roach  
  85  6:58  Zergling x2, Roach  
  86  7:05  Roach x4  
  86  7:06  Roach  
  86  7:07  Zergling x4  
  82  7:13  Roach x2  
  80  7:18  Roach x2  
  80  7:21  Roach  
  82  7:26  Roach  
Tags
 
Add a new tag
Caveats
  • Supply blocks, unpowered buildings, or Contaminate may cause inaccurate times.
  • Supply counts are checked every 10 seconds.